 Dungeon Crawl Stone Soup version 0.28.0-53-g5a82cb258f (webtiles) character file.

Game seed: 8419808681071841457

17 Sin92 the Magician (level 2, -1/19 HPs)
             Began as a Demonspawn Hedge Wizard on July 14, 2022.
             Frozen to death by an endoplasm (3 damage)
             ... on level 1 of the Dungeon.
             The game lasted 00:00:35 (689 turns).

Sin92 the Magician (Demonspawn Hedge Wizard)         Turns: 689, Time: 00:00:35

Health: -1/19      AC:  2    Str: 10    XL:     2   Next: 44%
Magic:  3/6        EV: 12    Int: 15    God:
Gold:   17         SH:  0    Dex: 12    Spells: 6/7 levels left

rFire   . . .      SeeInvis .   d - +0 rapier
rCold   . . .      Faith    .   (no shield)
rNeg    . . .      Spirit   .   b - +0 robe
rPois   .          Reflect  .   c - +0 hat
rElec   .          Harm     .   (no cloak)
rCorr   .          Rampage  .   (no gloves)
Will    .....                   (no boots)
Stlth   ++........              (no amulet)
HPRegen 0.06/turn               (no ring)
MPRegen 0.10/turn               (no ring)

@: no status effects
A: weakness stinger 1
a: no special abilities


You were on level 1 of the Dungeon.
You visited 1 branch of the dungeon, and saw 1 of its levels.

You collected 17 gold pieces.

Inventory:

Hand Weapons
 a - a +0 dagger
 d - a +0 rapier (weapon)
Armour
 b - a +0 robe (worn)
 c - a +0 hat (worn)
Potions
 e - a potion of attraction {unknown}
 f - a potion of ambrosia {unknown}
 g - a potion of curing {unknown}


   Skills:
 + Level 0.3 Fighting
 + Level 0.2 Short Blades
 + Level 1.9 Dodging
 + Level 1.9 Stealth
 * Level 3.2 Spellcasting
 + Level 1.2 Conjurations
 - Level 1.0 Summonings
 + Level 1.1 Translocations


You had 6 spell levels left.
You knew the following spells:

 Your Spells              Type           Power      Damage    Failure   Level
a - Magic Dart            Conj           24%        1d4       12%         1

Your spell library contained the following spells:

 Spells                   Type           Power      Damage    Failure   Level
 Blink                    Tloc           10%        N/A       19%         2
 Slow                     Hex            8%         N/A       21%         1
 Call Imp                 Summ           5%         N/A       21%         2
 Conjure Flame            Conj/Fire      4%         6-21      41%         3
 Mephitic Cloud           Conj/Pois/Air  3%         N/A       45%         3


Dungeon Overview and Level Annotations

Branches:
Dungeon (1/15)

Altars:


Innate Abilities, Weirdness & Mutations

You have a small tail.


Message History

Found 8 gold pieces.
The endoplasm quivers.
There are monsters nearby!
There are monsters nearby!
You barely miss the quokka. The quokka barely misses you.
The quokka misses you.
There are monsters nearby!
You closely miss the quokka.
Your tail-slap misses the quokka.
You punch the quokka, but do no damage. The quokka bites you.
The endoplasm closely misses you.
The magic dart hits the quokka.
The quokka is lightly wounded.
The quokka closely misses you. The endoplasm hits you.
You barely miss the quokka.
The quokka is lightly wounded.
The quokka closely misses you. The endoplasm barely misses you.
The quokka bites you.
The magic dart hits the quokka.
The quokka is moderately wounded.
The endoplasm hits you. The quokka completely misses you.
The magic dart hits the quokka.
The quokka is severely wounded.
The endoplasm closely misses you. The quokka bites you.
You are too injured to fight recklessly!
You are too injured to fight recklessly!
You are too injured to fight recklessly!
You are too injured to fight recklessly!
You barely miss the quokka.
The quokka is severely wounded.
The quokka barely misses you. The endoplasm freezes you.
You are frozen.
* * * LOW HITPOINT WARNING * * *
The quokka bites you.
* * * LOW HITPOINT WARNING * * *
You hit the quokka but do no damage.
The quokka is heavily wounded.
The endoplasm freezes you.
You are frozen.
You die...

..# #.#.####..# ### #.
..#..# # #.#..# # #.#..#
# .# #?#..########
...#######.#.###.....###
.$.........###......†..#
........................
#...r@................
###.J.......##########
###.._..### #######


You could see an endoplasm and a quokka.

Vanquished Creatures
  3 ball pythons (D:1)
  4 bats (D:1)
  2 endoplasms (D:1)
  2 goblins (D:1)
  2 kobolds (D:1)
  2 frilled lizards (D:1)
  A rat (D:1)
16 creatures vanquished.

Notes
Turn   | Place    | Note
-------+----------+-------------------------------------------
     0 | D:1      | Sin92 the Demonspawn Hedge Wizard began the quest for the
                  | Orb.
     0 | D:1      | Reached XP level 1. HP: 13/13 MP: 4/4
    68 | D:1      | Reached skill level 1 in Translocations
   183 | D:1      | Gained mutation: You have a small tail. [demonic ancestry]
   183 | D:1      | Reached XP level 2. HP: 16/19 MP: 6/6
   671 | D:1      | Found a faded altar of an unknown god.
   689 | D:1      | Frozen to death by an endoplasm

Illustrated notes

Levels and vault maps discovered:
D:1:      shiori_shiawase, layout_basic, hellmonk_ecumenical_altar_zigzags

Skill      XL: |  1 |
---------------+----+-----
Translocations | 1 |  1.1
Fighting       | |  0.3
Short Blades   | |  0.2
Dodging        | |  1.9
Stealth        | |  1.9
Spellcasting   | |  3.2
Conjurations   | |  1.2
Summonings     | |  1.0

Action                   || total
-------------------------++-------
Melee: Dagger            ||     8
       Rapier            ||    22
       Tailslap          ||     1
       Punch             ||     1
 Cast: Magic Dart        ||    13
 Stab: Sleeping          ||     3
Armor: Robe              ||     4
Dodge: Dodged            ||    24
